 Dungeon Sprint DCSS version 0.27.1-34-g3ba077fa99 (webtiles) character file.

Game seed: 11533949626803747822

82 Groucho the Covert (level 4, -1/24 HPs)
             Began as a Felid Wanderer on Jan 24, 2022.
             Slain by a manticore (25 damage)
             ... in the Dungeon (Sprint IX: "|||||||||||||||||||||||||||||").
             The game lasted 00:00:59 (331 turns).

Groucho the Covert (Felid Wanderer)                  Turns: 331, Time: 00:01:00

Health: -1/24      AC:  1    Str:  9    XL:     4   Next: 21%
Magic:  5/5        EV: 20    Int: 13    God:
Gold:   0          SH:  0    Dex: 16    Spells: 3/3 levels left
                                        Lives:  0   Deaths: 1

rFire    . . .     SeeInvis +     - Unarmed
rCold    . . .     Faith    .   (shield unavailable)
rNeg     . . .     Spirit   .   (armour unavailable)
rPois    .         Reflect  .   (helmet unavailable)
rElec    .         Harm     .   (cloak unavailable)
rCorr    .         Rampage  .   (gloves unavailable)
Will     .....     NoTele   +   (boots unavailable)
Stlth    ++++......             (no amulet)
HPRegen  0.08/turn              (no ring)
MPRegen  0.09/turn              (no ring)

@: quick
A: very small, claws 1, fangs 3, see invisible, speed 1, shaggy fur 1, stealthy
paws, no weapons or thrown items, no armour, multi-lived
a: no special abilities


You were in the Dungeon.
You visited 1 branch

Inventory:

Scrolls
 g - a scroll of blinking
Potions
 a - a potion of curing
 b - a potion of lignification
 c - a potion of heal wounds
 d - a potion of haste
 e - 2 potions of magic


   Skills:
 + Level 6.9 Fighting
 + Level 6.7 Dodging
 * Level 9.9 Stealth
 + Level 4.7 Unarmed Combat


You had 3 spell levels left.
You didn't know any spells.
Your spell library was empty.

Dungeon Overview and Level Annotations

Branches:
Dungeon (1/1)

Altars:


Innate Abilities, Weirdness & Mutations

You have sharp claws.
You have razor-sharp teeth.
You have supernaturally acute eyesight. (SInv)
You cover ground quickly. (Speed+)
You are covered in fur. (AC +1)
Your paws help you pounce on unaware monsters.
You are incapable of wielding weapons or throwing items.
You cannot wear armour.
You gain extra lives every three experience levels.


Message History

The scorpion closely misses you.
You scratch the scorpion.
The scorpion is severely wounded.
You claw the scorpion!
You kill the scorpion!
Your Dodging skill increases to level 6!
Your Stealth skill increases to level 9!
Your Unarmed Combat skill increases to level 4!
You have reached level 5!
You feel clever.
You closely miss the gnoll. Your bite misses the gnoll. The gnoll misses you.
You barely miss the gnoll. Your bite misses the gnoll. You claw the gnoll!
The gnoll is severely wounded.
The gnoll closely misses you.
You claw the gnoll!
You kill the gnoll!
The ogre barely misses you.
Things that are here:
a +0 flail; a scorpion corpse You barely miss the ogre.
You scratch the ogre.
The ogre is lightly wounded.
The ogre barely misses you.
You claw the ogre! You bite the ogre.
The ogre is heavily wounded.
You scratch the ogre. You claw the ogre!
The ogre is almost dead.
The ogre hits you with a +0 giant spiked club!!
Ouch! That really hurt!
You die...
You are now level 4!
You rejoin the land of the living...
You open the door.
A manticore, a vampire mosquito, an ugly thing, a death knight and 2 efreet come into view.
An efreet is wielding a +0 scimitar of flaming.
An efreet is wielding a +3 scimitar of flaming.
The death knight shouts!
The brown ugly thing gurgles horribly!
The manticore bites you!!
Ouch! That really hurt!
You die... ▓▓▓▓▓▓▓▓▓▓▓ +uRpRyH@..▓ ▓▓▓▓▓▓▓▓▓▓▓▓▓▓▓▓▓▓.▓ ...................▓ ▓▓▓▓▓▓▓▓▓▓▓▓▓▓▓▓▓▓▓▓

You could see a death knight, a brown ugly thing, a manticore, 2 efreet and a vampire mosquito (wandering).

Vanquished Creatures
  A sky beast (D)
  A scorpion (D)
  A gnoll (D)
  A dart slug (D)
  A bat (D)
  A quokka (D)
  A kobold (D)
  A rat (D)
8 creatures vanquished.

Notes
Turn   | Place    | Note
-------+----------+-------------------------------------------
     0 | D        | Groucho the Felid Wanderer began the quest for the Orb.
     0 | D        | Groucho set off with the following items: 2 potions of
                  | curing, a potion of lignification, a potion of heal wounds,
                  | a potion of haste, 2 potions of magic, a potion of berserk
                  | rage, a scroll of blinking
     0 | D        | Reached XP level 1. HP: 12/12 MP: 2/2
     8 | D        | Reached skill level 3 in Stealth
    19 | D        | Reached skill level 4 in Stealth
   239 | D        | Noticed a sky beast
   239 | D        | Noticed a scorpion
   239 | D        | Noticed an ogre
   239 | D        | Noticed an ogre
   250 | D        | Killed a sky beast
   251 | D        | Reached skill level 5 in Dodging
   251 | D        | Reached skill level 8 in Stealth
   251 | D        | Reached XP level 2. HP: 17/17 MP: 3/3
   251 | D        | Reached XP level 3. HP: 21/21 MP: 4/4
   251 | D        | Reached XP level 4. HP: 24/24 MP: 5/5
   257 | D        | Killed a scorpion
   258 | D        | Reached skill level 9 in Stealth
   258 | D        | Reached XP level 5. HP: 25/28 MP: 6/6
   266 | D        | Slain by an ogre
   267 | D        | Reached XP level 4. HP: -3/36 MP: 5/5
   330 | D        | Noticed a brown ugly thing
   330 | D        | Noticed an efreet
   330 | D        | Noticed a death knight
   330 | D        | Noticed an efreet
   330 | D        | Noticed a vampire mosquito
   330 | D        | Noticed a manticore
   331 | D        | Slain by a manticore

Illustrated notes

Levels and vault maps discovered:
D:        linesprint [early_d, line_temple, items_1, d_10, items_2, lair_1,
          lair_end, items_3, orc_1, orc_end, items_4, d_15, swamp_1, shoals_1,
          snake_1, spider_1, d_20, vaults_1, items_5, swamp_end, shoals_end,
          snake_end, spider_end, vaults_end, d_27, items_6, zot_1, zot_end,
          crypt_end, forest_end, elf_end, slime_end, tomb_end, abyss_end,
          pan_hell_end]

Skill      XL: |  1  2  3  4 |
---------------+-------------+-----
Dodging        | 5 6 |  6.7
Stealth        | 8 9 |  9.9
Fighting       | 6 |  6.9
Unarmed Combat | 3 4 |  4.7

Action                   |  1- 3 |  4- 6 || total
-------------------------+-------+-------++-------
Melee: Unarmed           |    31 |    14 ||    45
       Bite              |     2 |     1 ||     3
       Punch             |       |     1 ||     1
  Use: Potion            |     1 |     1 ||     2
 Stab: Sleeping          |     2 |       ||     2
Armor: Skin              |     1 |       ||     1
Dodge: Dodged            |    24 |     8 ||    32
